 Dungeon Crawl Stone Soup version 0.27.1-1-g398f81649c (webtiles) character file.

Game seed: 6580102345822946762

10163 Kinoniko the Bludgeoner (level 11, -1/85 HPs)
             Began as a Minotaur Berserker on Sept 9, 2021.
             Was a High Priest of Trog.
             Slain by a troll (9 damage)
             ... on level 11 of the Dungeon.
             The game lasted 00:10:29 (11975 turns).

Kinoniko the Bludgeoner (Minotaur Berserker)       Turns: 11975, Time: 00:10:30

Health: -1/85      AC: 21    Str: 21      XL:     11   Next: 32%
Magic:  0/10       EV: 10    Int:  7 (8)  God:    Trog [*****.]
Gold:   577        SH:  0    Dex:  7      Spells: 10/10 levels left

rFire    + + +     SeeInvis .   v - +9 flail of Xuah {vorpal, rF+++ Int+2 Dex-3 Stlth+}
rCold    . . .     Faith    .   (no shield)
rNeg     . . .     Spirit   +   t - +3 chain mail {rPois}
rPois    +         Reflect  .   (helmet restricted)
rElec    .         Harm     .   j - +2 cloak
rCorr    .         Rampage  .   c - +2 pair of gloves
Will     ++...                  (no boots)
Stlth    ..........             q - amulet of guardian spirit
HPRegen  1.24/turn              r - ring of poison resistance
MPRegen  0.12/turn              z - ring of protection from fire

@: strong-willed, on berserk cooldown, regenerating, slowed, very slow
A: horns 2, retaliatory headbutt, deterioration 1, weak 1
a: Renounce Religion, Berserk, Trog's Hand, Brothers in Arms


You were on level 11 of the Dungeon.
You worshipped Trog.
Trog was extremely pleased with you.
You visited 1 branch of the dungeon, and saw 11 of its levels.

You collected 794 gold pieces.
You spent 217 gold pieces at shops.

Inventory:

Hand Weapons
 a - a +0 mace
 k - a +1 flail
 n - a +2 vampiric flail
 v - the +9 flail of Xuah (weapon) {vorpal, rF+++ Int+2 Dex-3 Stlth+}
   (You found it on level 8 of the Dungeon)

   It inflicts extra damage upon your enemies.
   Int:       It affects your intelligence (+2).
   Dex:       It affects your dexterity (-3).
   rF:        It renders you almost immune to fire.
   Stlth:     It makes you more stealthy.
 C - a +1 vorpal great mace
Armour
 b - a +0 animal skin
 c - a +2 pair of gloves (worn)
 g - a +0 ring mail
 j - a +2 cloak (worn)
 o - a +0 chain mail
 t - a +3 chain mail of poison resistance (worn)
Jewellery
 q - an amulet of guardian spirit (around neck)
 r - a ring of poison resistance (left hand)
 w - a ring of fire
 z - a ring of protection from fire (right hand)
Wands
 l - a wand of flame (20)
 m - a wand of acid (28)
 B - a wand of iceblast (23)
Scrolls
 f - 4 scrolls of fog
 u - a scroll of enchant armour
 y - a scroll of enchant weapon
 A - a scroll of identify
 D - a scroll of silence
 E - a scroll of magic mapping
Potions
 d - 3 potions of might {unknown}
 e - 4 potions of curing
 h - 2 potions of resistance
 p - 4 potions of haste {unknown}
 s - a potion of degeneration {unknown}
 x - 2 potions of ambrosia {unknown}


   Skills:
 + Level 4.4 Fighting
 * Level 15.1 Maces & Flails
 + Level 10.5 Armour
 + Level 9.7 Dodging


You had 10 spell levels left.
You didn't know any spells.
Your spell library was empty.

Dungeon Overview and Level Annotations

Branches:
Dungeon (11/15)            Temple (0/1) D:4            Lair (0/6) D:9
    Orc: D:9-12

Altars:
Dithmenos
Gozag
Hepliaklqana
Kikubaaqudgha
Makhleb
Okawaru
Qazlal
Ru
Trog
Uskayaw
Wu Jian
Xom
Yredelemnul

Shops:
D:2 [   D:6 ?   D:7 [


Innate Abilities, Weirdness & Mutations

You have a pair of horns on your head.
You reflexively headbutt those who attack you in melee.
Your body sometimes deteriorates upon taking damage.
You are weak. (Str -2)


Message History

You headbutt the troll, but do no damage.
The troll barely misses you. The troll claws you!
Unknown command.
As you read the scroll of fear, it crumbles to dust.
You assume a fearsome visage.
The boulder beetle looks frightened!
The troll looks frightened!
The boulder beetle leaps!
The troll gibbers meaninglessly.
The two-headed ogre hits you with a +0 giant spiked club!
The two-headed ogre hits you with a +0 giant club!
Your chain mail prevents you from hitting the two-headed ogre.
Unknown command.
Okay, then.
You hit the two-headed ogre. You headbutt the two-headed ogre.
The two-headed ogre is lightly wounded.
The two-headed ogre hits you with a +0 giant spiked club!!
* * * LOW HITPOINT WARNING * * *
The two-headed ogre hits you with a +0 giant club!!
* * * LOW HITPOINT WARNING * * *
Your body deteriorates!
You feel dopey.
Okay, then.
As you read the scroll of fear, it crumbles to dust.
You assume a fearsome visage.
The two-headed ogre looks frightened!
The troll seems to regain its courage.
The two-headed ogre cries, "Mercy!"
The two-headed ogre seems to regain its courage.
Okay, then.
The troll bites you but does no damage. The troll claws you but does no damage.
The troll closely misses you.
Your skin crawls.
You feel strong-willed. The troll bites you.
* * * LOW HITPOINT WARNING * * *
The troll claws you but does no damage. x2
Unknown command.
The troll bites you but does no damage. The troll claws you but does no damage.
The troll claws you.
* * * LOW HITPOINT WARNING * * *
Your ogre goes berserk!
The troll bites you!
You die...

# . #.# ......# #.###
#.....####)#..
#..........#.#
#..........#.#
#..........#.###
#.O#######.#...
+.####.#.#)#.####
#@#....).)).....#
#T#.##.##)##.##.# .
#O#.#..#...#..#.# #.
#.#.##.+...'.##.#
#o#####.#.#..#...#....#
. .B...#.#.##.##'##.####
..#....#.#.#...........#
#...#..#.#.##.#.#.#.##.#
.......#.#.#........##.#


You could see a two-headed ogre, a troll (ally target) and a friendly ogre
(summoned, berserk).

Vanquished Creatures
  4 two-headed ogres
  Joseph (D:7)
  A gargoyle (D:10)
  A komodo dragon (D:10)
  An unseen horror (D:11)
  A troll (D:10)
  A wraith (D:10)
  A wyvern (D:10)
  4 yaks (D:7)
  Grum (D:9)
  A steam dragon (D:8)
  2 humans (D:7)
  3 wargs (D:9)
  An acid dragon (D:8)
  2 water moccasins
  A hornet zombie (D:8)
  2 ice beasts (D:7)
  4 orc warriors
  2 ogres
  10 centaurs
  4 wolves (D:9)
  3 scorpions
  A bullfrog (D:9)
  A wyvern zombie (D:7)
  A wyvern skeleton (D:7)
  5 wights (D:8)
  A howler monkey (D:6)
  6 centaur zombies
  2 gnoll shamans
  4 hounds
  A bullfrog zombie (D:7)
  8 orc priests
  A jelly (D:6)
  Crazy Yiuf (D:7)
  A bullfrog skeleton (D:6)
  8 iguanas
  2 centaur skeletons (D:4)
  A scorpion zombie (D:5)
  13 orc wizards
  A killer bee zombie (D:7)
  A hound skeleton (D:5)
  2 howler monkey zombies
  16 gnolls
  A howler monkey skeleton (D:6)
  4 adders
  2 shadow imps
  2 worms (D:2)
  2 dart slugs (D:3)
  31 orcs
  11 ball pythons
  8 endoplasms
  3 giant cockroaches
  7 goblins
  3 hobgoblins
  4 jackals (D:1)
  4 kobolds
  3 quokkas
  5 bats
  5 frilled lizards
  A quokka skeleton (D:4)
  4 rats
228 creatures vanquished.

Vanquished Creatures (others)
  A plant (D:9)
1 creature vanquished.

Grand Total: 229 creatures vanquished

Notes
Turn   | Place    | Note
-------+----------+-------------------------------------------
     0 | D:1      | Kinoniko the Minotaur Berserker began the quest for the
                  | Orb.
     0 | D:1      | Reached XP level 1. HP: 19/19 MP: 0/0
     2 | D:1      | Noticed a draconian
     2 | D:1      | Noticed a human
     4 | D:1      | Noticed a demonspawn
     4 | D:1      | Noticed a djinni
     6 | D:1      | Noticed an elf
    10 | D:1      | Noticed a tengu
    10 | D:1      | Noticed an ogre
    12 | D:1      | Noticed a vine stalker
    12 | D:1      | Noticed a merfolk
    14 | D:1      | Noticed a formicid
    14 | D:1      | Noticed a troll
    16 | D:1      | Noticed a barachi
    16 | D:1      | Noticed a naga
    18 | D:1      | Noticed an octopode
    18 | D:1      | Noticed a palentonga
    20 | D:1      | Noticed a vampire
    20 | D:1      | Noticed a spriggan
    22 | D:1      | Noticed a felid
    22 | D:1      | Noticed a gargoyle
    24 | D:1      | Noticed a dwarf
    24 | D:1      | Noticed a minotaur
    26 | D:1      | Noticed a demigod
    26 | D:1      | Noticed a ghoul
    45 | D:1      | Reached skill level 4 in Maces & Flails
    51 | D:1      | Reached XP level 2. HP: 8/26 MP: 1/1
  1158 | D:1      | Reached skill level 5 in Maces & Flails
  1281 | D:2      | Found Qudd's Antique Armour Boutique.
  1288 | D:2      | Reached XP level 3. HP: 31/31 MP: 2/2
  1490 | D:2      | Reached ** piety under Trog
  2265 | D:3      | Reached skill level 6 in Maces & Flails
  2265 | D:3      | Reached XP level 4. HP: 37/39 MP: 3/3
  2289 | D:3      | Found a faded altar of an unknown god.
  2330 | D:3      | Found an ancient bone altar of Kikubaaqudgha.
  2394 | D:3      | Found an ornate altar of the Wu Jian Council.
  3002 | D:4      | Reached XP level 5. HP: 38/45 MP: 4/4
  3072 | D:4      | Noticed an ogre
  3091 | D:3      | Reached skill level 7 in Maces & Flails
  3322 | D:4      | Killed an ogre
  3323 | D:4      | Reached XP level 6. HP: 51/51 MP: 5/5
  3396 | D:4      | Found an opulent altar of Gozag.
  3578 | D:4      | Found a staircase to the Ecumenical Temple.
  4367 | D:4      | Reached skill level 8 in Maces & Flails
  4419 | D:5      | Entered Level 5 of the Dungeon
  4630 | D:5      | Noticed a water moccasin
  4634 | D:5      | Reached *** piety under Trog
  4635 | D:5      | Reached XP level 7. HP: 31/57 MP: 2/6
  4896 | D:5      | Reached skill level 9 in Maces & Flails
  5165 | D:5      | Reached skill level 5 in Armour
  5201 | D:5      | Found a hazy altar of Hepliaklqana.
  5942 | D:6      | Reached XP level 8. HP: 64/64 MP: 2/7
  5959 | D:6      | Reached skill level 5 in Dodging
  5962 | D:6      | Gained mutation: You are weak. (Str -2) [potion of
                  | mutation]
  5962 | D:6      | Gained mutation: Your body sometimes deteriorates upon
                  | taking damage. [potion of mutation]
  5985 | D:6      | Reached skill level 10 in Maces & Flails
  6520 | D:6      | Found Guzak's Magic Scroll Shoppe.
  6740 | D:7      | Reached **** piety under Trog
  6755 | D:7      | Found an iron altar of Okawaru.
  6776 | D:7      | Reached skill level 11 in Maces & Flails
  7017 | D:7      | Reached XP level 9. HP: 70/70 MP: 8/8
  7182 | D:7      | Noticed Joseph
  7199 | D:7      | Reached skill level 12 in Maces & Flails
  7206 | D:7      | Killed Joseph
  7443 | D:7      | Found Jeohaonn's Antique Armour Boutique.
  7446 | D:7      | Bought a glowing chain mail for 217 gold pieces
  8009 | D:7      | Found a runed translucent door.
  8010 | D:7      | Noticed Crazy Yiuf
  8384 | D:7      | Killed Crazy Yiuf
  8489 | D:8      | Identified the +9 flail of Xuah {vorpal, rF+++ Int+2 Dex-3
                  | Stlth+}
  8513 | D:8      | Found a burning altar of Makhleb.
  8644 | D:8      | Found a hide-covered altar of Uskayaw.
  9001 | D:8      | Reached XP level 10. HP: 77/77 MP: 9/9
  9162 | D:8      | Found a bloodstained altar of Trog.
  9272 | D:8      | Found a shimmering altar of Xom.
  9418 | D:8      | Reached skill level 13 in Maces & Flails
  9600 | D:8      | Found a basalt altar of Yredelemnul.
  9738 | D:9      | Noticed a two-headed ogre
  9744 | D:9      | Reached ***** piety under Trog
  9748 | D:9      | Killed a two-headed ogre
  9758 | D:9      | Found a staircase to the Lair.
  9758 | D:9      | Noticed Grum
  9783 | D:9      | Killed Grum
 10373 | D:9      | Found a shadowy altar of Dithmenos.
 10422 | D:9      | Reached skill level 14 in Maces & Flails
 10576 | D:9      | Found a stormy altar of Qazlal.
 10639 | D:10     | Entered Level 10 of the Dungeon
 10682 | D:10     | Noticed a two-headed ogre
 10687 | D:10     | Killed a two-headed ogre
 10688 | D:10     | Noticed a gargoyle
 10694 | D:10     | Killed a gargoyle
 10759 | D:10     | Noticed a two-headed ogre
 10770 | D:10     | Killed a two-headed ogre
 10771 | D:10     | Reached skill level 10 in Armour
 10771 | D:10     | Reached XP level 11. HP: 82/82 MP: 7/10
 11123 | D:10     | Found a sacrificial altar of Ru.
 11136 | D:10     | Noticed a two-headed ogre
 11142 | D:10     | Killed a two-headed ogre
 11849 | D:11     | Reached skill level 15 in Maces & Flails
 11853 | D:11     | Received a gift from Trog
 11942 | D:11     | Noticed a two-headed ogre
 11945 | D:11     | Noticed a boulder beetle
 11975 | D:11     | Slain by a troll

Illustrated notes

Levels and vault maps discovered:
D:1:      kb_arrival_jail, layout_basic, wander_ebering_terrifying_dragon_lair
D:2:      layout_basic, serial_shops, nicolae_shop_overgrown_old_shop
D:3:      layout_basic, grunt_temple_overflow_open,
          ebering_ecumenical_altar_abandoned
D:4:      layout_layer_cave, mainiacjoe_overflow_tiny_flanked,
          minmay_temple_entry_grid, kennysheep_diamond
D:5:      layout_basic, old_standard_altar
D:6:      layout_rooms, serial_shops, shop, hangedman_abyss_or_decor_stagger
D:7:      layout_layer_cave, okawaru_humans, serial_shops, kennysheep_mini_moat,
          uniq_crazy_yiuf_cottage, uniq_joseph
D:8:      layout_loops_corners, mainiacjoe_overflow_alcove_1,
          lemuel_zombie_altar_yredelemnul, nicolae_uskayaw_suspiria,
          mainiacjoe_overflow_large_starburst
D:9:      layout_roguey, mainiacjoe_overflow_brackets,
          grunt_dithmenos_smoke_and_mirrors, erik_lair_orcish_takeover,
          uniq_grum
D:10:     layout_irregular_city, nicolae_ru_the_path_less_chosen, st_stairs_2
D:11:     minmay_the_grid_3x3 [minmay_the_grid_odd_star,
          minmay_the_grid_pillar_ring, minmay_the_grid_rooms,
          minmay_the_grid_fan, minmay_the_grid_holed_spiral,
          minmay_the_grid_large_cup, minmay_the_grid_tiny_cups,
          minmay_the_grid_paths, minmay_the_grid_prize_four_corners_diamond_a],
          layout_basic, minmay_misc_feat_doors

Skill      XL: |  1  2  3  4  5  6  7  8  9 10 11 |
---------------+----------------------------------+-----
Maces & Flails | 4 5 6 7 8 9 11 12 14 15 | 15.1
Armour         | 3 4 5 6 8 10 | 10.5
Dodging        | 3 4 6 7 9 |  9.7
Fighting       | 4 |  4.4

Action                   |  1- 3 |  4- 6 |  7- 9 | 10-12 || total
-------------------------+-------+-------+-------+-------++-------
Melee: Mace              |    79 |    12 |       |       ||    91
       Headbutt          |    15 |    18 |    54 |    24 ||   111
       Flail             |       |    72 |   278 |   168 ||   518
Invok: Berserk           |     2 |     3 |     5 |     9 ||    19
       Trog's Hand       |       |       |     1 |     2 ||     3
       Brothers in Arms  |       |       |       |     1 ||     1
  Use: Scroll            |       |     6 |     5 |     7 ||    18
       Potion            |       |       |    10 |       ||    10
 Stab: Sleeping          |     2 |       |       |       ||     2
Armor: Animal skin       |    12 |       |       |       ||    12
       Ring mail         |     9 |    20 |       |       ||    29
       Chain mail        |       |    18 |   167 |   124 ||   309
Dodge: Dodged            |    65 |    39 |   110 |    80 ||   294
